 Dungeon Crawl Stone Soup version 0.26-a0-259-g1effd001a9 (webtiles) character file.

Game seed: 12977554859242389475

1392 Apogee the Cleaver (level 8, -1/71 HPs)
             Began as a Hill Orc Abyssal Knight on July 15, 2020.
             Was a Priest of Lugonu.
             Killed by divine providence
             ... invoked by an orc priest
              (13 damage)
             ... on level 7 of the Dungeon.
             The game lasted 00:08:56 (7523 turns).

Apogee the Cleaver (Hill Orc Abyssal Knight)        Turns: 7523, Time: 00:08:58

Health: -1/71      AC: 11    Str: 17    XL:     8   Next: 68%
Magic:  9/9        EV: 14    Int: 12    God:    Lugonu [***...]
Gold:   412        SH:  0    Dex: 10    Spells: 7/7 levels left

rFire    . . .     SeeInvis .   A - +2 hand axe (freeze)
rCold    . . .     Faith    .   (no shield)
rNeg     . . .     Spirit   .   o - +3 ring mail
rPois    .         Reflect  .   B - +2 hat
rElec    .         Harm     .   (no cloak)
rCorr    .                      (no gloves)
MR       .....                  w - +0 pair of boots
Stlth    +.........             (no amulet)
HPRegen  0.21/turn              h - +4 ring of evasion
MPRegen  0.11/turn              u - ring of stealth

@: no status effects
A: no striking features
a: Depart the Abyss, Bend Space, Banish, Renounce Religion, Convert to Beogh


You were on level 7 of the Dungeon.
You worshipped Lugonu.
Lugonu was most pleased with you.
You were not hungry.

You visited 1 branch of the dungeon, and saw 7 of its levels.
You visited the Abyss 1 time.

You collected 412 gold pieces.

Inventory:

Hand Weapons
 z - a +0 war axe
 A - a +2 hand axe of freezing (weapon)
Missiles
 m - 94 stones (quivered)
Armour
 o - a +3 ring mail (worn)
 w - a +0 pair of boots (worn)
 B - a +2 hat (worn)
Jewellery
 h - a +4 ring of evasion (left hand)
 k - an uncursed ring of see invisible
 u - a ring of stealth (right hand)
 y - an uncursed ring of wizardry
Scrolls
 b - 2 scrolls of enchant weapon
 d - 6 scrolls of remove curse
 f - 8 scrolls of identify
 g - 4 scrolls of teleportation
 l - 2 scrolls of fog {unknown}
 q - a scroll of amnesia {unknown}
 x - a scroll of enchant armour
Potions
 a - a potion of degeneration {unknown}
 e - a potion of cancellation
 i - a potion of flight {unknown}
 j - a potion of haste {unknown}
 n - 2 potions of stabbing
 p - 2 potions of brilliance {unknown}
 r - 2 potions of curing
 s - a potion of might {unknown}
 t - 5 potions of berserk rage
Comestibles
 c - 28 rations


   Skills:
 + Level 6.6 Fighting
 * Level 12.0 Axes
 - Level 2.1 Armour
 - Level 0.7 Dodging
 - Level 2.4 Invocations


You had 7 spell levels left.
You didn't know any spells.
Your spell library was empty.

Dungeon Overview and Level Annotations

Branches:
Dungeon (7/15)             Temple (0/1) D:4

Altars:
Ashenzari
Cheibriados
Dithmenos
Gozag
Hepliaklqana
Wu Jian
Xom
Yredelemnul

Annotations:
D:7 Duvessa, Prince Ribbit


Message History

You slash Duvessa! You freeze Duvessa.
Duvessa is almost dead.
Duvessa hits you with a +0 rapier!
Prince Ribbit blinks!
You closely miss Duvessa.
Duvessa is almost dead.
The orc closely misses you. Duvessa hits you with a +0 rapier.
* * * LOW HITPOINT WARNING * * *
Prince Ribbit sighs, "It's not easy being green!"
Duvessa closely misses you.
An orc priest comes into view.
Duvessa hits you with a +0 rapier!
* * * LOW HITPOINT WARNING * * *
There is a stone staircase leading up here.
You barely miss Duvessa.
Duvessa is almost dead.
Duvessa barely misses you. The orc closely misses you.
Prince Ribbit hops awkwardly around.
The orc priest invokes the aid of Beogh against you.
Beogh smites you!
You die...

.....#
....## ....#
o..###
#)F.$##
#.o...# #.#
##.o..#
..!..#.e.###
.......@##
.......##
##.....
#...## .....
....# ....
...


You could see Prince Ribbit, Duvessa (berserk, fast), an orc priest and 2 orcs.

Vanquished Creatures
  A hornet zombie (D:6)
  A sky beast (D:3)
  An ice beast (D:4)
  A centaur (D:6)
  2 bullfrogs
  Dowan (D:7)
  A howler monkey (D:4)
  5 orc priests
  2 hounds (D:4)
  A bullfrog skeleton (D:4)
  2 centaur skeletons
  2 iguanas
  6 orc wizards
  A worker ant (D:5)
  2 hound skeletons
  8 gnolls
  7 adders
  An ooze (D:3)
  4 worms
  5 leopard geckos
  23 orcs
  5 bats
  4 giant cockroaches
  6 goblins
  8 hobgoblins
  2 jackals (D:6)
  A quokka (D:6)
  3 ball pythons
  5 frilled lizards
  7 kobolds
  2 quokka skeletons (D:4)
  5 rats
125 creatures vanquished.

Notes
Turn   | Place    | Note
-------+----------+-------------------------------------------
     0 | Abyss:1  | Apogee the Hill Orc Abyssal Knight began the quest for the
                  | Orb.
     0 | Abyss:1  | Reached XP level 1. HP: 19/19 MP: 2/2
    10 | Abyss:1  | Noticed a wretched star
    11 | D:1      | Escaped the Abyss
    36 | D:1      | Reached * piety under Lugonu
    38 | D:1      | Reached skill level 3 in Axes
   117 | D:1      | Reached XP level 2. HP: 27/27 MP: 3/3
   736 | D:1      | Reached XP level 3. HP: 15/34 MP: 4/4
  1120 | D:2      | Reached skill level 4 in Axes
  1478 | D:2      | Found a shimmering altar of Xom.
  1480 | D:2      | Found a shimmering altar of Xom.
  1480 | D:2      | Found a shimmering altar of Xom.
  1941 | D:2      | Reached ** piety under Lugonu
  2103 | D:2      | Reached XP level 4. HP: 31/41 MP: 5/5
  2211 | D:3      | Found an ornate altar of the Wu Jian Council.
  2441 | D:2      | Reached skill level 5 in Axes
  2743 | D:3      | Reached XP level 5. HP: 41/47 MP: 6/6
  2785 | D:3      | Reached skill level 6 in Axes
  2977 | D:3      | Found a snail-covered altar of Cheibriados.
  2986 | D:3      | Found a hazy altar of Hepliaklqana.
  3004 | D:3      | Noticed a sky beast
  3025 | D:3      | Killed a sky beast
  3025 | D:3      | Reached skill level 7 in Axes
  3025 | D:3      | Reached XP level 6. HP: 12/55 MP: 7/7
  3338 | D:3      | Found a shadowy altar of Dithmenos.
  3760 | D:4      | Reached skill level 5 in Fighting
  4116 | D:4      | Reached skill level 8 in Axes
  4134 | D:4      | Reached XP level 7. HP: 15/61 MP: 8/8
  4281 | D:4      | Reached skill level 9 in Axes
  4682 | D:4      | Found a staircase to the Ecumenical Temple.
  5467 | D:5      | Entered Level 5 of the Dungeon
  5578 | D:5      | Reached skill level 10 in Axes
  5624 | D:5      | Found a basalt altar of Yredelemnul.
  6067 | D:5      | Found a shattered altar of Ashenzari.
  6128 | D:5      | Found an opulent altar of Gozag.
  6182 | D:5      | Reached XP level 8. HP: 70/70 MP: 9/9
  6639 | D:6      | Reached *** piety under Lugonu
  6658 | D:5      | Reached skill level 11 in Axes
  7272 | D:6      | Found the +2 Maxwell's thermic engine {flame, freeze}
  7499 | D:7      | Noticed Duvessa
  7499 | D:7      | Noticed Dowan
  7501 | D:7      | Noticed Prince Ribbit
  7511 | D:7      | Killed Dowan
  7511 | D:7      | Reached skill level 12 in Axes
  7523 | D:7      | Killed from afar by an orc priest

Illustrated notes

Levels and vault maps discovered:
D:1:      tarquinn_simple_flora_water_e, layout_basic, minmay_misc_feat_hallway,
          corexii_leaking_fountain
D:2:      layout_basic, xom_redecorated
D:3:      layout_rooms, old_standard_altar, old_standard_altar,
          old_standard_altar, nicolae_dithmenos_shadow_blocks
D:4:      layout_layer_cave, minmay_temple_entry_drinking_statues,
          corexii_item_surrounded_by_moat
D:5:      layout_cave_pools, nicolae_overflow_crystal_walls, lemuel_round_altar,
          yredelemnul_altar_generic, first_ration, serial_co_window_serial,
          co_window_paths_b, co_window_of_opportunity_a, co_window_paths_a,
          co_window_paths_a, co_window_corner_a, co_window_broadway_c,
          co_window_unsneaky_path_d, co_window_paths_c, co_window_paths_c,
          co_window_paths_c, co_window_broadway_a, co_window_of_opportunity_b,
          glass_columns_a, glass_columns_b, glass_columns_c, glass_columns_c
D:6:      layout_cave_pools
D:7:      layout_cave_pools, basic_altar, uniq_prince_ribbit1, uniq_duvessa

Skill      XL: |  1  2  3  4  5  6  7  8 |
---------------+-------------------------+-----
Axes           | 3 4 5 7 8 10 12 | 12.0
Fighting       | 4 5 6 |  6.6
Armour         | |  2.1
Dodging        | |  0.7
Invocations    | |  2.4

Action                   |  1- 3 |  4- 6 |  7- 9 || total
-------------------------+-------+-------+-------++-------
Melee: Hand axe          |   117 |   151 |   242 ||   510
Invok: Depart the Abyss  |     1 |       |       ||     1
  Use: Potion            |     3 |       |       ||     3
       Scroll            |       |     5 |       ||     5
 Stab: Sleeping          |       |       |     3 ||     3
  Eat: Ration            |     1 |     2 |     3 ||     6
Armor: Leather armour    |    18 |       |       ||    18
       Ring mail         |     7 |    44 |    60 ||   111
Dodge: Dodged            |    70 |    84 |   120 ||   274

Table legend:
 A = Non-vault XP
 B = Vault XP
 C = Vault XP percentage of total XP
 D = Non-vault monster count
 E = Vault monster count
 F = Vault count percentage of total count
                 A         B        C        D         E       F
            +---------+---------+-------+---------+---------+-------
      Total |    1926 |      63 |   3.2 |     124 |       1 |   0.8
            +---------+---------+-------+---------+---------+-------
        D:1 |      38 |       0 |   0.0 |      21 |       0 |   0.0
        D:2 |      69 |       0 |   0.0 |      17 |       0 |   0.0
        D:3 |     242 |       0 |   0.0 |      17 |       0 |   0.0
        D:4 |     638 |       0 |   0.0 |      27 |       0 |   0.0
        D:5 |     339 |       0 |   0.0 |      18 |       0 |   0.0
        D:6 |     600 |       0 |   0.0 |      24 |       0 |   0.0
        D:7 |       0 |      63 | 100.0 |       0 |       1 | 100.0
            +---------+---------+-------+---------+---------+-------
